[Event "November 21 Early 2023"]
[Site "https://www.chess.com"]
[Date "2023.11.21"]
[Round "10"]
[White "Vlassov, Nikolai"]
[Black "Eugene, Floryan"]
[Result "1/2-1/2"]
[Board "66"]
[TimeControl "180+1"]
[WhiteFideId "4103360"]
[BlackFideId "20694784"]
[WhiteElo "2324"]
[BlackElo "2369"]
[WhiteTeam "FID"]
[BlackTeam "FRA"]
[WhiteClock "0:00:14"]
[BlackClock "0:00:16"]

1. e4 c5 2. c3 d5 3. exd5 Qxd5 4. d4 Nf6 5. Nf3 Bg4 6. dxc5 Qxd1+ 7. Kxd1 e5 8. Be3 Nc6 9. Nd2 Nd5 10. b4 Nxc3+ 11. Kc2 Nd5 12. a3 Bf5+ 13. Kb3 O-O-O 14. Bb5 Be6 15. Nc4 e4 16. Ng5 Nxe3 17. Nxe6 Rd3+ 18. Ka4 Nd5 19. Bxc6 fxe6 20. Bxd5 exd5 21. Ne5 Rd2 22. Rad1 Rxf2 23. Rxd5 Be7 24. Re1 Rxg2 25. Rxe4 Bf6 26. Ng4 Rd8 27. Nxf6 gxf6 28. Rxd8+ Kxd8 29. Rh4 Rg7 30. Kb5 Kc7 31. a4 f5 32. Rf4 Rg5 33. h4 Rg4 34. Rxf5 Rxh4 35. Rf7+ Kc8 36. Ka5 Rh5 37. Rg7 Kb8 38. Kb5 Kc8 39. Kc4 Rh4+ 40. Kc3 h5 41. c6 bxc6 42. Rxa7 Rh1 43. Rh7 h4 44. Kc4 Rc1+ 45. Kb3 Rh1 46. a5 h3 47. a6 Kb8 48. Kb2 Rh2+ 49. Kb3 Rh1 50. Kb2 Rh2+ 51. Kb3 Rh1 1/2-1/2

[Event "November 21 Early 2023"]
[Site "https://www.chess.com"]
[Date "2023.11.21"]
[Round "10"]
[White "Panda Sambit"]
[Black "gueraumasague"]
[Result "1-0"]
[Board "67"]
[TimeControl "180+1"]
[WhiteFideId "25091794"]
[WhiteElo "2216"]
[BlackElo "2596"]
[WhiteTeam "IND"]
[WhiteClock "0:00:03"]
[BlackClock "0:00:00"]

1. d4 g6 2. e4 Nf6 3. e5 Nh5 4. Be2 d6 5. Bxh5 gxh5 6. Qxh5 dxe5 7. Qxe5 Rg8 8. Nf3 Nc6 9. Qe4 f5 10. Qh4 Rxg2 11. Qh5+ Rg6 12. Qxh7 Re6+ 13. Be3 Bh6 14. Rg1 Qd5 15. Qg8+ Kd7 16. Ne5+ Nxe5 17. dxe5 Bxe3 18. fxe3 Qxe5 19. Qg5 Qxb2 20. Nd2 Qxa1+ 21. Kf2 Qc3 22. Rd1 Kc6 23. Nf3 Qxc2+ 24. Rd2 Qc3 25. Nd4+ Kb6 26. Rc2 Qd3 27. Rb2+ Ka6 28. Nxe6 Bxe6 29. Qxe7 Qc3 30. Qxe6+ c6 31. Qb3 Qxb3 32. Rxb3 Rh8 33. Kg3 c5 34. Rd3 c4 35. Rd5 Rc8 36. Rxf5 c3 37. Rf1 c2 38. Rc1 b5 39. h4 Kb6 40. h5 a5 41. h6 b4 42. h7 a4 43. Rxc2 Rh8 44. Rh2 b3 45. axb3 axb3 46. Kf4 Kc5 47. Kf5 Kc4 48. Kg6 Kc3 49. e4 b2 50. Rh3+ 1-0

[Event "November 21 Early 2023"]
[Site "https://www.chess.com"]
[Date "2023.11.21"]
[Round "10"]
[White "Predator0608"]
[Black "FunnyDuck66"]
[Result "1-0"]
[Board "68"]
[TimeControl "180+1"]
[WhiteElo "2592"]
[BlackElo "2488"]
[WhiteClock "0:00:23"]
[BlackClock "0:00:04"]

1. e4 c6 2. d4 d5 3. f3 dxe4 4. fxe4 e5 5. Nf3 Be6 6. c3 Nd7 7. Nbd2 Bd6 8. Bc4 Bg4 9. Qb3 Nh6 10. Qxb7 O-O 11. Qxc6 Qe7 12. O-O Rac8 13. Qa6 exd4 14. cxd4 Bf4 15. Bd3 Rfd8 16. Qxa7 Be3+ 17. Kh1 Ra8 18. Qc7 Rdc8 19. Qg3 Nf6 20. Qe1 Bf4 21. Nb3 Bb8 22. Bxh6 gxh6 23. e5 Nd5 24. Qg3 h5 25. h3 Ne3 26. hxg4 Nxf1 27. Rxf1 Kh8 28. gxh5 Rg8 29. Qf4 Qe6 30. Ng5 Rxg5 31. Qxg5 Bxe5 32. Qxe5+ 1-0

[Event "November 21 Early 2023"]
[Site "https://www.chess.com"]
[Date "2023.11.21"]
[Round "10"]
[White "Statham_l3"]
[Black "Burovic00"]
[Result "0-1"]
[Board "69"]
[TimeControl "180+1"]
[WhiteElo "2589"]
[BlackElo "2486"]
[WhiteClock "0:00:02"]
[BlackClock "0:00:13"]

1. e4 e6 2. d4 d5 3. Bd3 c5 4. exd5 exd5 5. c3 Nc6 6. Ne2 c4 7. Bc2 Nf6 8. O-O Be7 9. h3 O-O 10. Bf4 b5 11. Nd2 b4 12. Nf3 Bb7 13. Ne5 Nxe5 14. dxe5 Ne4 15. f3 Ng5 16. Bxg5 Bxg5 17. f4 Be7 18. Nd4 Qa5 19. f5 f6 20. Rf3 fxe5 21. Ne6 Rf7 22. Rg3 Bf6 23. Qh5 bxc3 24. bxc3 Qb6+ 25. Kh1 Qb2 26. Qd1 Bc6 27. Rb1 Qa3 28. Qh5 Qxa2 29. Rc1 Qb2 30. Qd1 Qa3 31. Ra1 Qd6 32. Rb1 d4 33. Qh5 d3 34. Bd1 e4 35. Rg5 e3 36. Bg4 e2 37. Rg6 Qe5 38. Re1 d2 39. Nf4 dxe1=Q+ 40. Kh2 Qxf4+ 41. g3 Qff2# 0-1

[Event "November 21 Early 2023"]
[Site "https://www.chess.com"]
[Date "2023.11.21"]
[Round "10"]
[White "Pourkashiyan, Atousa"]
[Black "ChainedDowntohell"]
[Result "1-0"]
[Board "70"]
[TimeControl "180+1"]
[WhiteFideId "12502014"]
[WhiteElo "2221"]
[BlackElo "2585"]
[WhiteTeam "USA"]
[WhiteClock "0:01:06"]
[BlackClock "0:00:00"]

1. e4 c5 2. Nf3 g6 3. d4 cxd4 4. Qxd4 Nf6 5. e5 Nc6 6. Qh4 Nxe5 7. Nxe5 Qa5+ 8. Nc3 Qxe5+ 9. Be3 Bg7 10. O-O-O O-O 11. Bc4 d5 12. Bd4 Qc7 13. Bxd5 Bf5 14. Bb3 b5 15. Nxb5 Qb7 16. Nc3 a5 17. f3 Qb4 18. Bxf6 Bxf6 19. Qxb4 axb4 20. Nd5 Rfc8 21. Nb6 Kg7 22. Rhe1 h5 23. Nxa8 Rxa8 24. Bc4 h4 25. Kb1 e6 26. g4 hxg3 27. hxg3 g5 28. g4 Bg6 29. Bd3 Bxd3 30. Rxd3 Rb8 31. Re4 Be7 32. Rb3 Rd8 33. Rd3 Rc8 34. Kc1 Bf8 35. b3 Rc5 36. Rc4 Rb5 37. Re4 Be7 38. Kb2 Kf6 39. c4 Rb7 40. Red4 Rc7 41. Rd7 Rc8 42. Rb7 Rh8 43. Rdd7 Rh2+ 44. Kc1 Bc5 45. Rxf7+ Ke5 46. Rb5 Kd4 47. Rd7+ Kc3 48. Rxc5 Rxa2 49. Kd1 Rf2 50. Rc8 Kxb3 51. c5 Kc3 52. c6 b3 53. Rb8 b2 54. c7 1-0

[Event "November 21 Early 2023"]
[Site "https://www.chess.com"]
[Date "2023.11.21"]
[Round "10"]
[White "Streltsov, Alexey"]
[Black "LangesNasenhaar"]
[Result "1-0"]
[Board "71"]
[TimeControl "180+1"]
[WhiteFideId "24104434"]
[WhiteElo "2311"]
[BlackElo "2454"]
[WhiteTeam "ISR"]
[WhiteClock "0:00:14"]
[BlackClock "0:00:00"]

1. e4 Nc6 2. Nf3 d6 3. Bc4 Nf6 4. h3 h6 5. d4 Nxe4 6. d5 Ne5 7. Nxe5 dxe5 8. O-O Nd6 9. Bd3 g6 10. c4 Bg7 11. c5 Nf5 12. Bb5+ Bd7 13. Qa4 Nd4 14. Bxd7+ Qxd7 15. Qxd7+ Kxd7 16. Nc3 Rad8 17. f4 f5 18. fxe5 Bxe5 19. Bf4 Bf6 20. Rad1 a6 21. Rfe1 Nb5 22. Nxb5 axb5 23. Re6 Bxb2 24. Rxg6 b4 25. Bxh6 Kc8 26. Bg5 Rd7 27. Re6 Rh7 28. h4 Ba3 29. Be3 1-0

[Event "November 21 Early 2023"]
[Site "https://www.chess.com"]
[Date "2023.11.21"]
[Round "10"]
[White "Ishbaev, Alibek"]
[Black "Thorfinnsson, Bjorn"]
[Result "0-1"]
[Board "72"]
[TimeControl "180+1"]
[WhiteFideId "14205017"]
[BlackFideId "2300982"]
[WhiteElo "2428"]
[BlackElo "2381"]
[WhiteTeam "UZB"]
[BlackTeam "ISL"]
[WhiteClock "0:00:19"]
[BlackClock "0:01:11"]

1. c4 c6 2. Nc3 d5 3. e4 e6 4. d4 dxe4 5. Nxe4 Be7 6. Nf3 Nf6 7. Ng3 O-O 8. Be2 b6 9. O-O Bb7 10. b3 Nbd7 11. Bb2 Re8 12. Ne5 Qc7 13. Bf3 Rad8 14. Qe2 Nf8 15. Rad1 N6d7 16. Rfe1 Bb4 17. Rf1 Nxe5 18. dxe5 Ng6 19. Rxd8 Rxd8 20. Rd1 Nf4 21. Rxd8+ Qxd8 22. Qd1 Qxd1+ 23. Bxd1 Nd3 24. Bd4 c5 25. Ba1 Be1 26. f3 Bf2+ 27. Kf1 Bd4 28. Bxd4 cxd4 29. Ne2 Nxe5 30. Nxd4 Kf8 31. Be2 Ke7 32. f4 Nd7 33. g3 Nc5 34. b4 Ne4 35. Bd3 Nf6 36. a3 g6 37. Ke1 Ng4 38. h4 Nf6 39. Kf2 h5 40. Ke3 Ng4+ 41. Kd2 Nf2 42. Bc2 Nh1 43. Ne2 Bf3 44. c5 bxc5 45. bxc5 Bxe2 46. Kxe2 Nxg3+ 47. Kf3 Nf5 48. Bxf5 gxf5 49. Ke3 Kd7 50. Kd4 f6 51. Kc4 Kc6 52. a4 e5 53. Kb4 exf4 54. Kc4 f3 55. Kd3 Kxc5 56. Ke3 Kd5 57. Kxf3 Ke5 58. Ke3 f4+ 59. Kf3 Kf5 0-1

[Event "November 21 Early 2023"]
[Site "https://www.chess.com"]
[Date "2023.11.21"]
[Round "10"]
[White "Kim, Sergey"]
[Black "Kozelov, Roman"]
[Result "1-0"]
[Board "73"]
[TimeControl "180+1"]
[WhiteFideId "13700570"]
[BlackFideId "14133377"]
[WhiteElo "2576"]
[BlackElo "2149"]
[WhiteTeam "KAZ"]
[BlackTeam "UKR"]
[WhiteClock "0:00:20"]
[BlackClock "0:00:07"]

1. d4 d5 2. c4 e5 3. e3 exd4 4. exd4 Nf6 5. Nf3 Bb4+ 6. Nc3 O-O 7. c5 Re8+ 8. Be2 Ne4 9. Bd2 Nxd2 10. Qxd2 Nc6 11. O-O Bg4 12. Rfe1 Qf6 13. Rad1 Rad8 14. a3 Bxc3 15. Qxc3 Re4 16. h3 Bxf3 17. Bxf3 Rxd4 18. Rxd4 Nxd4 19. Bxd5 c6 20. Ba2 Kf8 21. Qc4 Qf4 22. Re3 h5 23. g3 Qf6 24. h4 Ne6 25. Kg2 Rd4 26. Qe2 Nc7 27. Rf3 1-0

[Event "November 21 Early 2023"]
[Site "https://www.chess.com"]
[Date "2023.11.21"]
[Round "10"]
[White "Shuvalov, Evgenij"]
[Black "secrethawk1"]
[Result "1-0"]
[Board "74"]
[TimeControl "180+1"]
[WhiteFideId "4187237"]
[WhiteElo "2059"]
[BlackElo "2415"]
[WhiteTeam "FID"]
[WhiteClock "0:00:25"]
[BlackClock "0:00:00"]

1. d4 Nf6 2. c4 e6 3. Nc3 Bb4 4. e3 d5 5. a3 Bxc3+ 6. bxc3 c5 7. cxd5 Nxd5 8. Bd2 O-O 9. Bd3 Nc6 10. Nf3 h6 11. h4 a6 12. h5 b5 13. e4 Nf6 14. e5 Nd5 15. Qe2 cxd4 16. Qe4 Re8 17. Nxd4 Nxd4 18. Qh7+ Kf8 19. cxd4 b4 20. Rh3 a5 21. Rf3 Qh4 22. Bxh6 Qg4 23. Bg6 Ke7 24. Rxf7+ Kd8 25. Rxg7 Nc3 26. Bd3 1-0

[Event "November 21 Early 2023"]
[Site "https://www.chess.com"]
[Date "2023.11.21"]
[Round "10"]
[White "Deng, Henry"]
[Black "Zaksaite, Salomeja"]
[Result "1/2-1/2"]
[Board "75"]
[TimeControl "180+1"]
[WhiteFideId "30965454"]
[BlackFideId "12801496"]
[WhiteElo "2554"]
[BlackElo "2065"]
[WhiteTeam "USA"]
[BlackTeam "LTU"]
[WhiteClock "0:00:15"]
[BlackClock "0:00:02"]

1. e4 c5 2. Nc3 e6 3. d4 cxd4 4. Qxd4 Nc6 5. Qe3 a6 6. Nf3 d6 7. b3 Nf6 8. Bb2 Be7 9. O-O-O Qc7 10. Rg1 Bd7 11. g4 h6 12. h4 O-O-O 13. g5 hxg5 14. hxg5 Nh5 15. Kb1 g6 16. Be2 Kb8 17. Nd4 Ne5 18. f4 Nc6 19. Nxc6+ Bxc6 20. Rdf1 e5 21. fxe5 dxe5 22. Rxf7 Bxg5 23. Qf3 Be7 24. Nd5 Bxd5 25. exd5 Nf4 26. Qe4 Rxd5 27. Rxf4 Rhd8 28. Rff1 Bc5 29. Rh1 Bd4 30. Bxd4 Rxd4 31. Qe3 e4 32. Qf4 Rd1+ 33. Bxd1 Rxd1+ 34. Kb2 Qxf4 35. Rxf4 Rxh1 36. Rxe4 Rh8 37. Rg4 Rg8 38. Kc3 g5 39. Kd4 Kc7 40. Ke5 Kc6 41. Kf5 Kc5 42. Rxg5 Rxg5+ 43. Kxg5 Kb4 44. Kf5 Ka3 45. Ke5 Kxa2 46. Kd4 Kb2 47. Kd3 a5 48. Kc4 Kxc2 49. Kb5 Kxb3 50. Kxa5 Kc4 51. Kb6 Kb4 52. Kxb7 1/2-1/2

[Event "November 21 Early 2023"]
[Site "https://www.chess.com"]
[Date "2023.11.21"]
[Round "10"]
[White "Malyi, Viacheslav"]
[Black "Bobomurodova, Maftuna"]
[Result "1-0"]
[Board "76"]
[TimeControl "180+1"]
[WhiteFideId "14123983"]
[BlackFideId "14207400"]
[WhiteElo "2291"]
[BlackElo "1814"]
[WhiteTeam "UKR"]
[BlackTeam "UZB"]
[WhiteClock "0:00:06"]
[BlackClock "0:00:14"]

1. d4 Nf6 2. Bg5 d5 3. Bxf6 exf6 4. e3 b6 5. c4 Be6 6. cxd5 Bxd5 7. Nc3 Bb7 8. Nf3 Nd7 9. Bc4 Bb4 10. Bxf7+ Kf8 11. Bb3 Qe7 12. O-O g6 13. Nd5 Bxd5 14. Bxd5 Rd8 15. a3 Bd6 16. Qb3 Kg7 17. Rac1 Rhe8 18. Bc6 h5 19. Qa4 a5 20. Bxd7 Qxd7 21. Qxd7+ Rxd7 22. Rc6 Kf7 23. Rfc1 Re6 24. Kf1 g5 25. Ke2 g4 26. Ne1 h4 27. g3 hxg3 28. hxg3 Re8 29. Nd3 Rh8 30. Kf1 Rh1+ 31. Kg2 Rxc1 32. Rxc1 Ke6 33. Nf4+ Kf5 34. a4 Ke4 35. Rc6 f5 36. Rc1 Bxf4 37. gxf4 Kd3 38. Rc3+ Ke4 39. Kg3 Rh7 40. Kg2 Rd7 41. b3 Rh7 42. Rc6 Rf7 43. Rc3 Rd7 44. Rc4 Rh7 45. Rc1 Kd3 46. Kg3 Rh3+ 47. Kg2 Rh7 48. Rc6 Rf7 49. Kf1 g3 50. Kg2 gxf2 51. Kxf2 Rh7 52. d5 Rh2+ 53. Kf3 Rh3+ 54. Kf2 Rh2+ 55. Kg3 Rh7 56. Rf6 Kxe3 57. Rxf5 Kd4 58. Rg5 Rd7 59. Kg4 Kc3 60. f5 Kxb3 61. f6 Kxa4 62. Rf5 Kb3 63. f7 Rd8 64. f8=Q Rxf8 65. Rxf8 a4 66. Rf7 a3 67. Rxc7 a2 68. Ra7 b5 69. d6 b4 70. d7 Kb2 71. d8=Q b3 72. Qd4+ Kc2 73. Qc4+ Kb2 74. Kf3 Kb1 75. Qxb3+ Ka1 76. Qxa2# 1-0

[Event "November 21 Early 2023"]
[Site "https://www.chess.com"]
[Date "2023.11.21"]
[Round "10"]
[White "Mystery2007"]
[Black "AlmasRakhmatullaev"]
[Result "1-0"]
[Board "77"]
[TimeControl "180+1"]
[WhiteElo "2511"]
[BlackElo "2823"]
[WhiteClock "0:00:08"]
[BlackClock "0:00:00"]

1. Nf3 Nf6 2. b3 g6 3. Bb2 Bg7 4. g3 O-O 5. Bg2 d6 6. O-O Nbd7 7. d3 e5 8. c4 Rb8 9. Nbd2 b6 10. Qc2 Bb7 11. Rfe1 Qe7 12. e3 Rfe8 13. Ne4 Nxe4 14. dxe4 Nc5 15. Nd2 a5 16. a3 Qd7 17. b4 Na4 18. Nb3 Ba8 19. Bc1 f5 20. Bd2 Rf8 21. Rab1 axb4 22. axb4 fxe4 23. Bxe4 Bxe4 24. Qxe4 Qf7 25. Rf1 b5 26. cxb5 Rxb5 27. Na5 Nb6 28. Rbc1 Nd5 29. Qc4 Rbb8 30. Nc6 Rbe8 31. e4 Nf6 32. Bg5 Qxc4 33. Rxc4 d5 34. exd5 Nxd5 35. Rd1 Nb6 36. Re4 h6 37. Be7 Rf7 38. Bc5 Na4 39. Rd3 Nxc5 40. bxc5 Bf8 41. Rd5 Re6 42. Nxe5 Rf5 43. f4 c6 44. Rd7 Bxc5+ 45. Kg2 g5 46. Rc4 Bd6 47. Rxc6 Rff6 48. Ng4 Rg6 49. f5 h5 50. fxe6 1-0

[Event "November 21 Early 2023"]
[Site "https://www.chess.com"]
[Date "2023.11.21"]
[Round "10"]
[White "UNSTOPPABLE_LEGEND"]
[Black "Boruchovsky, Avital"]
[Result "0-1"]
[Board "78"]
[TimeControl "180+1"]
[BlackFideId "2800055"]
[WhiteElo "2505"]
[BlackElo "2450"]
[BlackTeam "ISR"]
[WhiteClock "0:00:10"]
[BlackClock "0:00:28"]

1. Nc3 d5 2. e4 dxe4 3. Nxe4 e5 4. Nf3 Bg4 5. Bc4 f6 6. h3 Bh5 7. O-O Nc6 8. c3 Bd6 9. d4 exd4 10. cxd4 Nge7 11. Be3 Qd7 12. d5 Bxf3 13. dxc6 Qxc6 14. Qxf3 Qxc4 15. Nxd6+ cxd6 16. Qxb7 Qc6 17. Qb3 Qd5 18. Rfd1 Qxb3 19. axb3 Nc8 20. Ra6 Ke7 21. b4 Rb8 22. Rd4 Rd8 23. Rc4 Rd7 24. Kf1 Nb6 25. Rc6 Nd5 26. Bxa7 Rxb4 27. Rxd6 Rxa7 28. Re6+ Kf7 29. Rxa7+ Kxe6 30. Rxg7 h5 31. Rh7 Rxb2 32. h4 Nf4 33. Kg1 Kf5 34. g3 Kg6 35. Re7 Nh3+ 36. Kg2 Nxf2 37. Kf3 Ng4 38. Re2 Rxe2 39. Kxe2 Kf5 40. Kf3 Ke5 41. Kg2 Ke4 42. Kh3 Ke3 43. Kg2 Ke2 44. Kh3 Ke3 45. Kg2 Ne5 46. Kh3 Kf3 47. Kh2 f5 48. Kh3 Nc4 49. Kh2 Nd2 50. Kh3 Ne4 51. Kh2 Nd2 52. Kh3 Nf1 53. g4 fxg4# 0-1

[Event "November 21 Early 2023"]
[Site "https://www.chess.com"]
[Date "2023.11.21"]
[Round "10"]
[White "Weetik, Vjacheslav"]
[Black "Rietze, Clemens, Dr."]
[Result "1-0"]
[Board "79"]
[TimeControl "180+1"]
[WhiteFideId "4153472"]
[BlackFideId "24620351"]
[WhiteElo "2469"]
[BlackElo "2288"]
[WhiteTeam "RUS"]
[BlackTeam "GER"]
[WhiteClock "0:00:58"]
[BlackClock "0:00:10"]

1. b3 Nf6 2. Bb2 g6 3. g4 h6 4. Bg2 Bg7 5. c4 d6 6. h3 e5 7. Nf3 e4 8. Nd4 O-O 9. Nc3 Re8 10. Qc2 c5 11. Ndb5 a6 12. Na3 Qe7 13. d3 exd3 14. Qxd3 Nc6 15. Nc2 Ne5 16. Qd2 Rb8 17. Ne3 Be6 18. Rd1 b5 19. cxb5 axb5 20. O-O b4 21. Ncd5 Nxd5 22. Nxd5 Qh4 23. Nc7 Red8 24. f4 Nd7 25. Bxg7 Kxg7 26. f5 gxf5 27. gxf5 Ne5 28. fxe6 Kh8 29. exf7 1-0

[Event "November 21 Early 2023"]
[Site "https://www.chess.com"]
[Date "2023.11.21"]
[Round "10"]
[White "Rodriguez Fontecha, Marcos"]
[Black "Diaz Perez, Michel Alejandro"]
[Result "1-0"]
[Board "80"]
[TimeControl "180+1"]
[WhiteFideId "2256576"]
[BlackFideId "3517179"]
[WhiteElo "2249"]
[BlackElo "2398"]
[WhiteTeam "ESP"]
[BlackTeam "CUB"]
[WhiteClock "0:02:03"]
[BlackClock "0:02:05"]

1. d4 Nf6 2. Nf3 d6 3. g3 Nbd7 4. Bg2 g6 5. O-O Bg7 6. a4 O-O 7. a5 a6 8. c4 c5 9. Nc3 cxd4 10. Nxd4 Ne5 11. b3 Qc7 12. Bb2 Bd7 13. Qd2 Nc6 14. e3 Nxd4 15. exd4 Bc6 16. d5 Bd7 17. Na4 Rae8 18. Nb6 e5 19. dxe6 Bxe6 20. Rad1 Rd8 21. Ba3 Bg4 22. Bxd6 Bxd1 23. Rxd1 h6 24. Bxc7 1-0

[Event "November 21 Early 2023"]
[Site "https://www.chess.com"]
[Date "2023.11.21"]
[Round "10"]
[White "Ambartsumova, Karina"]
[Black "Ongut, Tamas Gunes"]
[Result "0-1"]
[Board "81"]
[TimeControl "180+1"]
[WhiteFideId "4166299"]
[BlackFideId "770280"]
[WhiteElo "2240"]
[BlackElo "2148"]
[WhiteTeam "RUS"]
[BlackTeam "HUN"]
[WhiteClock "0:00:08"]
[BlackClock "0:00:11"]

1. d4 Nf6 2. c4 e6 3. Nc3 Bb4 4. Qc2 O-O 5. a3 Bxc3+ 6. Qxc3 d5 7. Nf3 dxc4 8. Qxc4 b6 9. Bf4 Ba6 10. Qc2 Nbd7 11. Rd1 Rc8 12. g3 c5 13. dxc5 Rxc5 14. Qa4 Qc8 15. Bg2 Rc4 16. Qb3 Nc5 17. Qa2 Rc2 18. Nd4 Na4 19. Nxc2 Qxc2 20. Rd2 Qc1+ 21. Rd1 Qc2 22. O-O Nc3 23. Qa1 Nxe2+ 24. Kh1 Nxf4 25. Rc1 Qf5 26. gxf4 Bxf1 27. Rxf1 Qxf4 28. h3 Rd8 29. Qe1 h5 30. Qc3 Rd2 31. Kg1 Qd4 32. Qc8+ Kh7 33. b4 Ne4 34. Bxe4+ Qxe4 35. Qc3 Rd3 36. Qc1 Rxh3 37. Re1 Qh1# 0-1

[Event "November 21 Early 2023"]
[Site "https://www.chess.com"]
[Date "2023.11.21"]
[Round "10"]
[White "Demin, Vladimir"]
[Black "BM223344"]
[Result "1/2-1/2"]
[Board "82"]
[TimeControl "180+1"]
[WhiteFideId "4167457"]
[WhiteElo "2584"]
[BlackElo "2493"]
[WhiteTeam "RUS"]
[WhiteClock "0:00:10"]
[BlackClock "0:00:18"]

1. d4 Nf6 2. Nc3 g6 3. e4 e6 4. Qf3 Bg7 5. e5 Nd5 6. Nxd5 exd5 7. Qxd5 O-O 8. Nf3 c6 9. Qb3 d6 10. Bg5 Qa5+ 11. Bd2 Qc7 12. exd6 Re8+ 13. Be3 Qxd6 14. O-O-O a5 15. Bc4 Rf8 16. Ng5 Qf6 17. Qb6 a4 18. a3 Nd7 19. Qc7 Qf5 20. h4 h6 21. Bd3 Qd5 22. c4 Qa5 23. Qxa5 Rxa5 24. Ne4 Nf6 25. Nd6 Rd8 26. c5 Nd5 27. Bc4 Bf8 28. Ne4 Bf5 29. Nc3 Nxc3 30. bxc3 b5 31. Be2 Raa8 32. Bf3 Rac8 33. Rhe1 Be6 34. Bf4 Bb3 35. Rd2 Bc4 36. Be5 Re8 37. Re3 h5 38. Bf6 Be6 39. Rde2 Bh6 40. Bg5 Bxg5 41. hxg5 Kg7 42. Kd2 Red8 43. Be4 b4 44. axb4 a3 45. Bd3 a2 46. Re1 Ra8 47. Ra1 Ra3 48. Bc2 Rda8 49. Kc1 Bc4 50. Kb2 Bd5 51. f3 R3a7 52. Ree1 Ra3 53. Re2 R3a7 54. Bb3 Bxb3 55. Kxb3 Ra3+ 56. Kb2 R8a7 57. Re8 R3a6 58. Rb8 Re7 59. Rb6 Re2+ 60. Kb3 Ra8 61. Rxc6 Rxg2 62. b5 h4 63. b6 h3 64. b7 Rb8 65. Rb6 h2 66. c6 Rg1 67. c7 Rxb7 68. Rxb7 h1=Q 69. c8=Q Rb1+ 70. Kc4 Qf1+ 71. Kd5 Qxf3+ 72. Kc5 Rxa1 73. Rb8 Qf5+ 74. Qxf5 gxf5 75. Ra8 Kg6 76. d5 f4 77. d6 Rd1 78. Rxa2 Kxg5 79. Rf2 Kg4 80. Kc6 f3 81. c4 f5 82. c5 Kg3 83. Ra2 f2 84. Rxf2 Kxf2 85. d7 f4 86. Kc7 f3 87. d8=Q Rxd8 88. Kxd8 Ke2 89. c6 f2 90. c7 f1=Q 91. c8=Q Qf8+ 92. Kc7 Qc5+ 93. Kd8 Qd6+ 94. Qd7 Qb6+ 95. Ke7 Qe3+ 96. Qe6 Qxe6+ 97. Kxe6 1/2-1/2

[Event "November 21 Early 2023"]
[Site "https://www.chess.com"]
[Date "2023.11.21"]
[Round "10"]
[White "Kuznetsova, Olga"]
[Black "Manukian, Artak"]
[Result "0-1"]
[Board "83"]
[TimeControl "180+1"]
[WhiteFideId "4191323"]
[BlackFideId "13301373"]
[WhiteElo "2134"]
[BlackElo "2030"]
[WhiteTeam "RUS"]
[BlackTeam "ARM"]
[WhiteClock "0:00:07"]
[BlackClock "0:00:51"]

1. d4 d5 2. Bf4 Bg4 3. Nf3 Bxf3 4. gxf3 e6 5. Nd2 Bd6 6. Bg3 f5 7. Bxd6 Qxd6 8. e3 Nf6 9. c4 O-O 10. Qb3 Nbd7 11. c5 Qe7 12. Qxb7 Rab8 13. Qxc7 Rxb2 14. Bd3 e5 15. dxe5 Qxe5 16. Qxe5 Nxe5 17. Bxf5 g6 18. O-O-O Rxa2 19. Bb1 Ra5 20. Nb3 Rb5 21. Bc2 Rfb8 22. f4 Nc6 23. f3 Rxb3 24. Bxb3 Rxb3 25. Rhe1 Nb4 26. Kd2 d4 27. exd4 Nfd5 28. Ke2 Nc3+ 29. Kf2 Nxd1+ 30. Rxd1 Nd5 31. Kg3 Kf7 32. Ra1 Rb7 33. Ra6 Rd7 34. c6 Rc7 35. Ra5 Ke6 36. Ra6 Kd6 37. Kg4 Nb4 38. Ra4 Nxc6 39. Kg5 a5 40. h4 Rf7 41. h5 Rf5+ 42. Kg4 Rxh5 43. Ra1 Rd5 44. Rh1 h5+ 45. Kh4 Nxd4 46. Rd1 Nxf3+ 0-1

[Event "November 21 Early 2023"]
[Site "https://www.chess.com"]
[Date "2023.11.21"]
[Round "10"]
[White "Sreyas Payyappat"]
[Black "Santos Flores, Alberto"]
[Result "1-0"]
[Board "84"]
[TimeControl "180+1"]
[WhiteFideId "46674969"]
[BlackFideId "3601234"]
[WhiteElo "2043"]
[BlackElo "2235"]
[WhiteTeam "IND"]
[BlackTeam "ECU"]
[WhiteClock "0:00:55"]
[BlackClock "0:01:17"]

1. e4 e6 2. d4 d5 3. Nc3 Nf6 4. Bg5 Bb4 5. e5 h6 6. Be3 Ne4 7. Qg4 Kf8 8. a3 Bxc3+ 9. bxc3 c5 10. Bd3 Nxc3 11. dxc5 Nc6 12. Nf3 Qa5 13. O-O Na4 14. Rab1 a6 15. Bd2 Nc3 16. Rb3 d4 17. Nxd4 h5 18. Nxc6 bxc6 19. Qd4 Nd5 20. Bxa5 1-0

[Event "November 21 Early 2023"]
[Site "https://www.chess.com"]
[Date "2023.11.21"]
[Round "10"]
[White "Shishkov, Andrei"]
[Black "GatoRojo150"]
[Result "0-1"]
[Board "85"]
[TimeControl "180+1"]
[WhiteFideId "4500563"]
[WhiteElo "2241"]
[BlackElo "2567"]
[WhiteTeam "EST"]
[WhiteClock "0:00:00"]
[BlackClock "0:00:30"]

1. d4 d5 2. c4 dxc4 3. e4 b5 4. a4 c6 5. axb5 cxb5 6. Nc3 a6 7. Nxb5 axb5 8. Rxa8 Bb7 9. Ra1 e6 10. Ne2 Nf6 11. e5 Ne4 12. Nc3 Bb4 13. Bd2 Qxd4 14. Nxe4 Qxe4+ 15. Be2 Bxd2+ 16. Qxd2 Qxg2 17. Rf1 O-O 18. Ra7 Bd5 19. Qf4 Nc6 20. Rc7 Qh3 21. Rg1 g6 22. Rg3 Qf5 23. Qxf5 exf5 24. f4 Ra8 25. Bf3 Bxf3 26. Rxf3 Nd4 27. Rf2 Rb8 28. Kd2 Ne6 29. Rd7 Nc5 30. Rc7 Ne4+ 31. Ke3 Nxf2 32. Kxf2 Ra8 33. Rc5 Ra2 34. Rxb5 c3 35. Ke3 Rxb2 36. Rc5 Rxh2 37. Kd4 c2 38. e6 fxe6 39. Ke5 Kf7 40. Rc7+ Ke8 41. Kxe6 Kd8 42. Rc3 Re2+ 43. Kf6 Kd7 0-1

[Event "November 21 Early 2023"]
[Site "https://www.chess.com"]
[Date "2023.11.21"]
[Round "10"]
[White "Khromkin, Andrey"]
[Black "Redzisz, Michal"]
[Result "1-0"]
[Board "86"]
[TimeControl "180+1"]
[WhiteFideId "4154126"]
[BlackFideId "21816107"]
[WhiteElo "2464"]
[BlackElo "2068"]
[WhiteTeam "RUS"]
[BlackTeam "POL"]
[WhiteClock "0:00:08"]
[BlackClock "0:00:00"]

1. d4 Nf6 2. c4 e6 3. Nf3 d5 4. Nc3 Bb4 5. Qa4+ Nc6 6. e3 O-O 7. Bd2 Re8 8. Rd1 a6 9. Qc2 Bf8 10. a3 dxc4 11. Bxc4 b5 12. Bd3 Bb7 13. Ne4 Nd5 14. Nc5 Bxc5 15. Qxc5 Nb8 16. O-O Nd7 17. Qc2 g6 18. e4 N5b6 19. Bg5 f6 20. Bh4 Rc8 21. e5 Nd5 22. Bxg6 hxg6 23. Qxg6+ Kh8 24. exf6 N7xf6 25. Ne5 Rf8 26. Rd3 Nf4 27. Qh6+ Nh7 28. Bxd8 Rcxd8 29. Qxf4 Rxf4 30. Ng6+ Kg7 31. Nxf4 Kf6 32. Re1 Ng5 33. h4 Ne4 34. Nxe6 Kxe6 35. f3 Rh8 36. fxe4 Rxh4 37. d5+ Ke5 38. Rg3 Kf4 39. Rg7 Bc8 40. Rf7+ Ke5 41. Rxc7 Bg4 42. Re7+ Kd6 43. Rg7 Bh5 44. e5+ Kxd5 45. e6 1-0

[Event "November 21 Early 2023"]
[Site "https://www.chess.com"]
[Date "2023.11.21"]
[Round "10"]
[White "Swicarz, Maciej"]
[Black "FREDERICKtheMATE"]
[Result "0-1"]
[Board "87"]
[TimeControl "180+1"]
[WhiteFideId "1113585"]
[WhiteElo "2127"]
[BlackElo "2558"]
[WhiteTeam "POL"]
[WhiteClock "0:00:07"]
[BlackClock "0:00:23"]

1. c4 Nf6 2. Nc3 e6 3. Nf3 d5 4. cxd5 exd5 5. d4 c6 6. Bg5 Bf5 7. e3 Nbd7 8. Bd3 Bxd3 9. Qxd3 Be7 10. O-O h6 11. Bxf6 Nxf6 12. Rab1 a5 13. Na4 O-O 14. Nd2 Re8 15. Rfc1 Nd7 16. a3 Bd6 17. Nf3 g6 18. Qb3 Rb8 19. Qc3 Nf6 20. Nc5 Bxc5 21. Qxc5 Ne4 22. Qc2 Rc8 23. b4 axb4 24. axb4 Qf6 25. Ne1 Nd6 26. Nd3 Nc4 27. Ra1 Ra8 28. Nc5 b5 29. Qc3 h5 30. h3 Qe7 31. Rxa8 Rxa8 32. Ra1 Ra7 33. g3 Kf8 34. h4 Qc7 35. e4 Rxa1+ 36. Qxa1 dxe4 37. Nxe4 Qe7 38. Qa8+ Qe8 39. Qxe8+ Kxe8 40. Kf1 Na3 41. Nc3 Nc2 42. d5 Kd7 43. dxc6+ Kxc6 44. Na2 Kd5 45. Nc3+ Kc4 46. Ne4 Nxb4 47. Nd6+ Kc5 48. Nxf7 Nc6 49. Nh8 Ne7 50. Ke2 b4 51. Kd3 Kd5 52. f3 Ke5 53. g4 Kf6 54. Kc4 Nc6 55. gxh5 gxh5 0-1